 Dungeon Crawl Stone Soup version 0.27.0-1-g7a08968 (webtiles) character file.

Game seed: 8594128120867038905

27 DUBB the Skirmisher (level 2, -4/27 HPs)
             Began as a Draconian Fighter on Jan 17, 2022.
             Slain by a gnoll shaman (8 damage)
             ... on level 3 of the Dungeon.
             The game lasted 00:11:53 (1662 turns).

DUBB the Skirmisher (Draconian Fighter)             Turns: 1662, Time: 00:11:54

Health: -4/27      AC:  4    Str: 18    XL:     2   Next: 93%
Magic:  2/2        EV: 10    Int:  8    God:
Gold:   51         SH: 13    Dex: 10    Spells: 1/1 levels left

rFire    + . .     SeeInvis .   a - +0 long sword
rCold    + + .     Faith    .   b - +0 kite shield
rNeg     . . .     Spirit   .   (armour unavailable)
rPois    +         Reflect  +   (helmet restricted)
rElec    +         Harm     .   (no cloak)
rCorr    +         Rampage  .   (no gloves)
Will     .....                  (no boots)
Stlth    +.........             k - amulet of reflection
HPRegen  0.09/turn              h - ring of protection from cold
MPRegen  0.08/turn              (no ring)

@: lit by a corona, resistant, attractive, glowing
A: AC +4, unfitting armour, cold-blooded
a: no special abilities


You were on level 3 of the Dungeon.
You visited 1 branch of the dungeon, and saw 3 of its levels.

You collected 51 gold pieces.

Inventory:

Hand Weapons
 a - a +0 long sword (weapon)
 l - a +1 dagger of speed
Armour
 b - a +0 kite shield (worn)
Jewellery
 h - a ring of protection from cold (left hand)
 k - an amulet of reflection (around neck)
Scrolls
 f - 3 scrolls of identify
 i - 2 scrolls of summoning
Potions
 c - a potion of might
 d - a potion of haste {unknown}
 e - a potion of resistance
 g - a potion of attraction
 j - a potion of degeneration {unknown}


   Skills:
 * Level 4.0 Fighting
 + Level 2.6 Long Blades
 - Level 2.7 Dodging
 - Level 3.0 Shields


You had one spell level left.
You didn't know any spells.
Your spell library contained the following spells:

 Spells                   Type           Power      Damage    Failure   Level
 Call Canine Familiar     Summ           0%         N/A       99%         3
 Portal Projectile        Hex/Tloc       0%         N/A       99%         3
 Leda's Liquefaction      Hex/Erth       0%         N/A       100%        4


Dungeon Overview and Level Annotations

Branches:
Dungeon (3/15)

Altars:


Innate Abilities, Weirdness & Mutations

Your plain brown scales are hard. (AC +4)
You cannot fit into any form of body armour.
You are cold-blooded and may be slowed by cold attacks.


Message History

The gnoll shaman is healed somewhat.
You barely miss the gnoll shaman.
You tail-slap the gnoll shaman, but do no damage.
The gnoll shaman is moderately wounded.
You block the gnoll shaman's attack.
You hit the gnoll shaman but do no damage.
The gnoll shaman is moderately wounded.
The gnoll shaman hits you with a +0 club! x2
You barely miss the gnoll shaman.
The gnoll shaman is moderately wounded.
The gnoll shaman hits you with a +0 club.
You hit the gnoll shaman.
Your tail-slap misses the gnoll shaman.
The gnoll shaman is heavily wounded.
You block the gnoll shaman's attack.
You closely miss the gnoll shaman.
The gnoll shaman is heavily wounded.
The gnoll shaman hits you with a +0 club.
* * * LOW HITPOINT WARNING * * *
You block the gnoll shaman's attack.
It was a potion of resistance.
You feel protected. You block the gnoll shaman's attack.
It was a potion of attraction.
You feel attractive to monsters. The gnoll shaman closely misses you.
You hit the gnoll shaman.
The gnoll shaman is heavily wounded.
The gnoll shaman closely misses you. You block the gnoll shaman's attack.
You closely miss the gnoll shaman.
The gnoll shaman is heavily wounded.
You block the gnoll shaman's attack.
You slash the gnoll shaman!
Your tail-slap misses the gnoll shaman.
The gnoll shaman is almost dead.
The gnoll shaman barely misses you.
The gnoll shaman hits you with a +0 club.
* * * LOW HITPOINT WARNING * * *
You closely miss the gnoll shaman.
The gnoll shaman is almost dead.
The gnoll shaman hits you with a +0 club!
You die...

##.#
♣♣♣.♣
♣♣...♣
♣♣..♣♣♣
♣.†♣♣
♣♣.♣
♣♣.♣♣
♣.♣♣
♣@g♣
♣....♣♣
♣♣.♣♣♣
♣♣


You could see a gnoll shaman.

Vanquished Creatures
  A ball python (D:2)
  A bat (D:1)
  An endoplasm (D:1)
  3 giant cockroaches
  3 goblins (D:2)
  3 hobgoblins
  A quokka (D:1)
  3 frilled lizards (D:1)
  4 kobolds
  5 rats
25 creatures vanquished.

Vanquished Creatures (others)
  A plant (D:1)
1 creature vanquished.

Grand Total: 26 creatures vanquished

Notes
Turn   | Place    | Note
-------+----------+-------------------------------------------
     0 | D:1      | DUBB the Draconian Fighter began the quest for the Orb.
     0 | D:1      | Reached XP level 1. HP: 19/19 MP: 1/1
     1 | D:1      | Noticed an electric eel
   695 | D:1      | Found a faded altar of an unknown god.
   759 | D:1      | Reached XP level 2. HP: 27/27 MP: 2/2
  1396 | D:2      | Reached skill level 4 in Fighting
  1662 | D:3      | Slain by a gnoll shaman

Illustrated notes

Levels and vault maps discovered:
D:1:      arrival_aquarium_a, layout_loops_corners,
          shapermc_ecumenical_altar_mp_ritualfount, solitary_fountain
D:2:      layout_basic
D:3:      kb_forest_paths, layout_basic, cheibrodos_sewer_entry_sluice

Skill      XL: |  1  2 |
---------------+-------+-----
Fighting       | 4 |  4.0
Long Blades    | |  2.6
Dodging        | |  2.7
Shields        | |  3.0

Action                   || total
-------------------------++-------
Melee: Long sword        ||    77
       Tailslap          ||    10
  Use: Scroll            ||     5
       Potion            ||     2
Armor: Skin              ||    19
Dodge: Dodged            ||    27
Block: Kite shield       ||    47
       Rpst.: Long sword ||    13
